Cogmind - Beta 14 @@@ ROGUE MODE // 2024.12.30 @ 04:36:53 Player: Jirybot Result: Destroyed by H-61 Shepherd with Heavy Assault Cannon Performance ------------- Evolutions (3) 1500 Regions Visited (5) 1000 Robots Destroyed (171) 855 Value Destroyed (4410) 4410 Prototype IDs (4) 80 Alien Tech Used (0) 0 Bonus (474) 474 TOTAL SCORE: 8319 Bonus ------- High Alert Combat Kills 514 Friendly Fire -40 Cogmind --------- Core Integrity 0/700 Matter 38/300 Energy 100/100 System Corruption 7% Temperature Danger (401) Movement Rolling (100) Location -7/Factory Parts ------- > --- POWER (1) -------- (None) > --- PROPULSION (3) --- Compact Wheel Compact Wheel Compact Wheel > --- UTILITY (6) ------ Large Storage Unit > --- WEAPON (3) ------- Plasma Cannon Plasma Cannon Flak Cannon > --- INVENTORY (15) --- Deuterium Engine Heat Sink Improved Heat Sink Improved Cooling System System Restoration Module Plasma Cannon Plasma Cannon Grenade Launcher Grenade Launcher Peak State ------------ > --- POWER ------------ Improved Deuterium Engine > --- PROPULSION ------- Wheel Wheel Wheel > --- UTILITY ---------- Improved Heat Sink Improved Cooling System Large Storage Unit Advanced Weight Redist. System Energy Filter Improved Medium Armor Plating > --- WEAPON ----------- Gatling Laser Gatling Laser Cooled Particle Cannon > --- INVENTORY -------- Deuterium Engine Deuterium Engine Light Nuclear Core Micro Nuclear Core Heat Sink Heat Sink Improved Heat Sink Shield Generator System Restoration Module Flak Cannon Flak Cannon Flak Cannon Flak Cannon Grenade Launcher Grenade Launcher [Rating: 42] Favorites ----------- Power Deuterium Engine Engine Deuterium Engine Power Core Light Nuclear Core Propulsion Light Treads Treads Light Treads Wheel Wheel Utility Large Storage Unit Device Heat Sink Storage Large Storage Unit Processor Terrain Scan Processor Protection Utility Shielding Weapon Advanced Beam Cannon Energy Gun Gatling Laser Energy Cannon Advanced Beam Cannon Ballistic Gun Improved Assault Rifle Ballistic Cannon Flak Cannon Launcher Grenade Launcher Build | -11 -10 -9 -9 -9 -7 ------- Run | Yrd Mat Mat Sto Rec Fac Slots Evolved 6 | . . 2 . . 4 Power . | . . . . . . Propulsion 1 | . . . . . 1 Utility 4 | . . 2 . . 2 Weapon 1 | . . . . . 1 Parts Attached 95 | 6 9 27 7 2 44 Power 12 | 1 . 5 1 . 5 Engine 11 | 1 . 5 1 . 4 Core 1 | . . . . . 1 Reactor . | . . . . . . Propulsion 32 | 2 2 7 3 2 16 Treads 9 | 2 . 2 3 2 . Leg . | . . . . . . Wheel 23 | . 2 5 . . 16 Hover . | . . . . . . Flight . | . . . . . . Utility 22 | 1 3 8 2 . 8 Device 12 | . 1 3 1 . 7 Storage 4 | 1 1 2 . . . Processor 1 | . 1 . . . . Hackware . | . . . . . . Protection 5 | . . 3 1 . 1 Artifact . | . . . . . . Weapon 29 | 2 4 7 1 . 15 Energy Gun 8 | . . 1 . . 7 Energy Cannon 11 | . 4 3 1 . 3 Ballistic Gun 5 | 2 . 3 . . . Ballistic Cannon 4 | . . . . . 4 Launcher 1 | . . . . . 1 Special Weapon . | . . . . . . Impact Weapon . | . . . . . . Slashing Weapon . | . . . . . . Piercing Weapon . | . . . . . . Special Melee Weapon . | . . . . . . Unidentified Prototypes 4 | . . 3 . . 1 Parts Lost 32 | . 1 5 1 . 25 Power 6 | . 1 . 1 . 4 Propulsion 8 | . . 2 . . 6 Utility 9 | . . 3 . . 6 Weapon 9 | . . . . . 9 Highest Loss Streak 16 | . 1 1 1 . 16 To Critical Strikes . | . . . . . . Average Slot Usage (%) 95 | . 93 96 97 100 90 Engine 9 | . 13 11 10 11 3 Treads 9 | . 9 8 11 22 4 Wheel 12 | . 18 13 10 . 15 Device 20 | . 7 19 21 22 26 Storage 12 | . 14 17 11 11 7 Protection 6 | . . 4 10 11 6 Energy Gun 2 | . . . . . 10 Energy Cannon 15 | . 25 11 21 22 9 Ballistic Gun 3 | . 1 10 . . . Peak Build Rating 42 | 6 10 21 20 20 42 Average Rating 20 | 4 8 16 19 20 32 On Entrance 12 | . 6 8 20 20 20 Naked Turns . | . . . . . . Heaviest Build 60 | 13 34 47 40 40 60 Greatest Support 48 | 40 40 40 40 40 48 Greatest Overweight (x) 15 | 1 1 3 1 . 15 Average Overweight (x) . | . . . . . 1 Largest Inventory Capacity 15 | 8 15 15 15 15 15 Average Capacity 14 | 7 13 15 15 15 15 Most Carried 15 | 4 8 15 15 15 15 Average Carried 12 | 2 6 12 14 15 14 Final Capacity 15 | 8 15 15 15 15 15 Final Carried 15 | 4 8 15 15 15 9 Class Distribution -------------------- 39% | Scavenger-Mutant 36% | Mutant 23% | Scavenger-Tank Dominant Class ---------------- Mutant | -10/Materials Mutant | -9/Materials Scavenger-Mutant | -9/Storage Scavenger-Mutant | -9/Recycling Scavenger-Tank | -7/Factory Resources | -11 -10 -9 -9 -9 -7 ----------- Run | Yrd Mat Mat Sto Rec Fac Matter Collected 1921 | 106 344 944 87 54 386 Remotely . | . . . . . . Salvage Created 6800 | . 545 2119 815 1414 1907 Parts 382 | . 35 138 53 46 110 Haulers Intercepted 5 | . 1 1 1 . 2 Recyclers Shooed 11 | . 1 1 . 8 1 Parts Field Recycled . | . . . . . . Retrieved Matter . | . . . . . . Parts Self-Destructed . | . . . . . . Prevented . | . . . . . . Kills | -11 -10 -9 -9 -9 -7 ------- Run | Yrd Mat Mat Sto Rec Fac Combat Hostiles Destroyed 105 | . 10 40 17 3 35 Guns 32 | . . 16 . . 16 Cannons 65 | . 10 23 17 3 12 AOE 4 | . . . . . 4 Classes Destroyed 18 | . 8 5 . . 5 Worker 19 | . 2 5 1 . 11 Builder 7 | . 1 . . 3 3 Tunneler 2 | . . 1 . . 1 Hauler 5 | . 1 1 1 . 2 Recycler 21 | . 1 3 . 14 3 Mechanic 1 | . . 1 . . . Operator 4 | . 1 2 1 . . Watcher 9 | . 2 4 1 . 2 Swarmer 18 | . 5 6 3 . 4 Grunt 47 | . 5 24 6 . 12 Brawler 2 | . . 1 1 . . Duelist 3 | . . 2 . . 1 Protector 2 | . . . . . 2 Sentry 21 | . . 7 7 3 4 Specialist 2 | . . . . . 2 Hunter 6 | . . . . . 6 Programmer 4 | . . . . . 4 Zionite 1 | . . . . . 1 Best Kill Streak 8 | . 3 8 5 7 8 Combat Bots Only 7 | . 3 6 3 2 7 Max Kills in Single Turn 4 | . 1 2 1 1 4 Gunslinging 1 | . . 1 . . 1 Exploded 3 | . . . . . 3 Melee . | . . . . . . Uniques/NPCs Destroyed . | . . . . . . Combat | -11 -10 -9 -9 -9 -7 -------- Run | Yrd Mat Mat Sto Rec Fac Hostile Shots Fired 600 | . 48 147 44 18 343 Missed 189 | . 19 41 17 6 106 Damage Taken 5426 | . 365 1239 362 183 3277 Core 1198 | . 135 266 68 17 712 Absorbed by Shields 213 | . . . . . 213 Redirected to Shielding 57 | . . 4 3 8 42 Regen/Repaired (Parts) 141 | . . . 141 . . Core Remaining (%) 52 | 100 46 . . 12 . Volleys Fired 416 | . 59 147 50 38 122 Largest 3 | . 2 2 2 2 3 Hottest 204 | . 136 136 136 136 204 Shots Fired 863 | . 94 294 100 75 300 Gun 293 | . . 166 . . 127 Cannon 566 | . 94 128 100 75 169 Launcher 4 | . . . . . 4 Special . | . . . . . . Kinetic 212 | . . 166 . . 46 Thermal 639 | . 94 128 100 75 242 Explosive 4 | . . . . . 4 Electromagnetic 8 | . . . . . 8 Robot Hit Streak 22 | . 7 14 11 22 15 Robot Miss Streak 10 | . 6 3 4 3 10 Penetration Max . | . . . . . . Secondary Targets 4 | . . 2 . . 2 Max Gunslinging Chain 1 | . . 1 . . 1 Shots Hit Robots 500 | . 45 155 58 51 191 Core Hits 271 | . 19 70 20 19 143 Critical Kills 8 | . . 4 . 2 2 Critical Parts Destroyed 1 | . . 1 . . . Critical Strikes 9 | . . 5 . 2 2 Meltdown 6 | . . 2 . 2 2 Destroy 3 | . . 3 . . . Melee Attacks . | . . . . . . Impact . | . . . . . . Slashing . | . . . . . . Piercing . | . . . . . . Sneak Attacks . | . . . . . . Combat Hostiles . | . . . . . . Follow-up Attacks . | . . . . . . Damage Inflicted 11774 | . 945 2826 1236 1067 5700 Guns 3346 | . . 1150 . . 2196 Cannons 7027 | . 945 1642 1236 1067 2137 Explosions 1355 | . . . . . 1355 Melee . | . . . . . . Ramming 46 | . . 34 . . 12 Kinetic 1682 | . . 1150 . . 532 Thermal 9509 | . 945 1642 1236 1067 4619 Explosive 478 | . . . . . 478 Electromagnetic 59 | . . . . . 59 Impact . | . . . . . . Slashing . | . . . . . . Piercing . | . . . . . . Highest Corruption 7 | . . 2 4 4 7 Average Corruption 3 | . . 1 3 4 4 Corruption Purged . | . . . . . . Corruption Blocked . | . . . . . . Effects 53 | . . 14 11 23 5 Message Errors 14 | . . 1 4 8 1 Matter Fused 12 | . . 6 1 4 1 Heat Flow Errors 8 | . . 4 1 2 1 Energy Discharges 7 | . . 2 2 1 2 Parts Fused 2 | . . 1 . 1 . Data Loss (minor) 8 | . . . 3 5 . Data Loss (major) 1 | . . . . 1 . Weapon Failures 1 | . . . . 1 . Overload Shots . | . . . . . . Overflow Damage 167 | . 13 . 27 5 122 Projectiles 83 | . 13 . 27 5 38 Explosions 84 | . . . . . 84 Melee . | . . . . . . Knockbacks 17 | . . . . . 17 Impact . | . . . . . . Kinetic 16 | . . . . . 16 Secondary 1 | . . . . . 1 Self-Inflicted Damage 21 | . . 17 . . 4 Shots . | . . . . . . Rammed 6 | . . 3 . 1 2 Targets Rammed 6 | . . 3 . 1 2 Kicked . | . . . . . . Crushed . | . . . . . . Highest Temperature 833 | . 833 321 191 150 420 Average Temperature 121 | . 211 74 46 41 99 Received Heat Transfer 1275 | . 129 528 96 54 468 Effects 39 | . 30 2 . . 7 Shutdowns 5 | . 5 . . . . Energy Bleed 2 | . 2 . . . . Interference 10 | . 4 . . . 6 Matter Decay 8 | . 6 2 . . . Short Circuit 1 | . 1 . . . . Damage (minor) 1 | . . . . . 1 Damage (major) 10 | . 10 . . . . Damage (core) 2 | . 2 . . . . Siege Activations . | . . . . . . Robots Corrupted . | . . . . . . Combat Hostiles . | . . . . . . Parts Fried . | . . . . . . Impact Corruptions . | . . . . . . Robots Melted 8 | . . 2 1 2 3 Combat Hostiles 4 | . . 1 . . 3 Parts Melted 32 | . 2 5 3 6 16 Heat Transferred 16490 | . 1702 2960 2220 1924 7684 Parts Sabotaged . | . . . . . . Parts Stolen . | . . . . . . Parts Stripped . | . . . . . . Power Chain Reactions . | . . . . . . Alert | -11 -10 -9 -9 -9 -7 ------- Run | Yrd Mat Mat Sto Rec Fac Peak Influence 774 | . 177 774 754 408 587 Initial 326 | . . 32 326 294 97 Average 283 | . 84 386 601 241 181 Maximum Alert Level 3 | . . 3 3 2 2 Low Security (%) 46 | 100 100 23 . 28 72 Level 1 24 | . . 30 13 66 9 Level 2 24 | . . 38 65 4 17 Level 3 4 | . . 8 21 . . Level 4 . | . . . . . . Level 5 . | . . . . . . High Security . | . . . . . . Max Security . | . . . . . . Squads Dispatched 18 | . 3 8 1 . 6 Investigation 7 | . 1 6 . . . Extermination 2 | . . . . . 2 Reinforcement 8 | . 2 2 1 . 3 Assault . | . . . . . . Garrison 1 | . . . . . 1 Intercept . | . . . . . . Searches Triggered . | . . . . . . Construction Impeded 3 | . . . . . 3 Haulers Reinforced . | . . . . . . Active Scanning Responses . | . . . . . . Cargo Convoy Interrupts 1 | . . . . . 1 Stealth | -11 -10 -9 -9 -9 -7 --------- Run | Yrd Mat Mat Sto Rec Fac Distress Signals 8 | . . 3 2 . 3 Communications Jammed . | . . . . . . Distress Signals . | . . . . . . Times Spotted 146 | . 20 51 19 3 53 Peak Tracking Total 11 | . 4 6 5 2 11 Tactical Retreats 11 | . 1 2 2 . 6 Traps | -11 -10 -9 -9 -9 -7 ------- Run | Yrd Mat Mat Sto Rec Fac Traps Triggered 10 | . 1 4 . . 5 Indirectly . | . . . . . . Trap Hack Attempts . | . . . . . . Triggered . | . . . . . . Disarmed . | . . . . . . Reprogrammed . | . . . . . . Reused . | . . . . . . Traps Extracted . | . . . . . . Installed . | . . . . . . Triggered . | . . . . . . Machines | -11 -10 -9 -9 -9 -7 ---------- Run | Yrd Mat Mat Sto Rec Fac Machines Disabled 7 | . 1 2 2 . 2 Max in Single Turn 2 | . 1 1 1 . 2 Machines Repaired . | . . . . . . Machines Dismantled . | . . . . . . Machines Sabotaged . | . . . . . . Overloaded Fab Kills . | . . . . . . Hacking | -11 -10 -9 -9 -9 -7 --------- Run | Yrd Mat Mat Sto Rec Fac Machines Accessed 36 | . 6 11 5 7 7 Terminals 32 | . 6 10 4 6 6 Fabricators 1 | . . . . . 1 Repair Stations 1 | . . . 1 . . Recycling Units 2 | . . 1 . 1 . Scanalyzers . | . . . . . . Garrison Access . | . . . . . . Total Hacks 96 | . 16 35 13 15 17 Successful 47 | . 8 16 11 6 6 Failed 49 | . 8 19 2 9 11 Catastrophic 12 | . 1 7 . 2 2 Database Lockouts . | . . . . . . Manual 75 | . 14 27 7 13 14 Terminals 87 | . 16 34 7 14 16 Fabricators 1 | . . . . . 1 Repair Stations 6 | . . . 6 . . Recycling Units 2 | . . 1 . 1 . Scanalyzers . | . . . . . . Garrison Access . | . . . . . . Terminal Hacks 20 | . 3 8 3 2 4 Record 2 | . . 1 . . 1 Robot Analysis 1 | . 1 . . . . Open Door 2 | . . . 2 . . Open DSF 1 | . . . . . 1 Branch Access Points 2 | . . 1 . . 1 Terminal Index 5 | . 1 1 1 1 1 Alert Level 4 | . 1 2 . 1 . Unreport Threat 1 | . . 1 . . . Investigation Status 1 | . . 1 . . . Zone Layout 1 | . . 1 . . . Fabricator Hacks . | . . . . . . Repair Station Hacks 6 | . . . 6 . . Scan Component 3 | . . . 3 . . Repair 3 | . . . 3 . . Recycling Unit Hacks 2 | . . 1 . 1 . Report Inventory 2 | . . 1 . 1 . Scanalyzer . | . . . . . . Garrison Access Hacks . | . . . . . . Unauthorized Hacks 19 | . 5 7 2 3 2 Terminals 19 | . 5 7 2 3 2 Botnet 19 | . 5 7 2 3 2 Fabricators . | . . . . . . Repair Stations . | . . . . . . Recycling Units . | . . . . . . Scanalyzers . | . . . . . . Garrison Access . | . . . . . . Data Cores Recovered 1 | . 1 . . . . Used . | . . . . . . Hacking Detections 31 | . 6 10 3 6 6 Full Trace Events 9 | . 2 6 . 1 . Feedback Events . | . . . . . . Feedback Blocked . | . . . . . . Robot Schematics Acquired . | . . . . . . Robots Built . | . . . . . . Authchips . | . . . . . . Time . | . . . . . . Total Robot Build Rating . | . . . . . . Part Schematics Acquired . | . . . . . . Parts Built . | . . . . . . Authchips . | . . . . . . Time . | . . . . . . Total Part Build Rating . | . . . . . . Parts Repaired 3 | . . . 3 . . Time 115 | . . . 115 . . Parts Recycled . | . . . . . . Recycled Matter . | . . . . . . Retrieved Matter . | . . . . . . Retrieved Components . | . . . . . . Parts Scanalyzed . | . . . . . . Part Schematics Acquired . | . . . . . . Parts Damaged . | . . . . . . Bothacking | -11 -10 -9 -9 -9 -7 ------------ Run | Yrd Mat Mat Sto Rec Fac Used RIF Installer . | . . . . . . Robots Hacked . | . . . . . . Non-combat . | . . . . . . Combat . | . . . . . . Robot Hacks Applied . | . . . . . . Relay Couplers Released . | . . . . . . Fabnet Peak Effective % . | . . . . . . Robots Rewired . | . . . . . . Allies Hacked . | . . . . . . Hacks Repelled . | . . . . . . Allies | -11 -10 -9 -9 -9 -7 -------- Run | Yrd Mat Mat Sto Rec Fac Total Allies . | . . . . . . Largest Group . | . . . . . . Highest-Rated Group . | . . . . . . Highest-Rated Ally . | . . . . . . Total Orders . | . . . . . . Ally Attacks . | . . . . . . Total Damage . | . . . . . . Kills . | . . . . . . Allies Corrupted . | . . . . . . Allies Melted . | . . . . . . Intel | -11 -10 -9 -9 -9 -7 ------- Run | Yrd Mat Mat Sto Rec Fac Robot Analysis Total 1 | . 1 . . . . Derelict Logs Recovered . | . . . . . . Drone Launches . | . . . . . . Drone Recoveries . | . . . . . . Exploration | -11 -10 -9 -9 -9 -7 ------------- Run | Yrd Mat Mat Sto Rec Fac Turns Passed 6556 | 58 850 1988 692 1117 1851 Spaces Moved 3681 | 33 537 1146 291 624 1050 Core 12 | 7 . . . . 5 Treads 1447 | 26 108 329 193 624 167 Legs . | . . . . . . Wheels 2222 | . 429 817 98 . 878 Hover . | . . . . . . Flight . | . . . . . . Fastest Speed 50 | 50 105 105 100 160 95 Average Speed 130 | 139 121 123 144 160 119 Slowest Speed 800 | 160 240 240 240 160 800 Overloaded Moves . | . . . . . . Propulsion Burnouts . | . . . . . . Robots Hopped . | . . . . . . Cave-ins Triggered . | . . . . . . Exploration Rate (%) 59 | 4 97 81 40 95 38 Regions Visited 5 Branch Regions 2 Pre-discovered Areas . | . . . . . . Known Exits Taken 1 | . . 1 . . . Unknown Exits Taken 4 | 1 1 . 1 1 . Scrap Searched . | . . . . . . Spaces Dug . | . . . . . . Terrain Destroyed 22 | . . . . . 22 Melee . | . . . . . . Projectile 5 | . . . . . 5 AOE 17 | . . . . . 17 Terrain Rammed . | . . . . . . Walls Destroyed . | . . . . . . Machines Disabled . | . . . . . . Actions | -11 -10 -9 -9 -9 -7 --------- Run | Yrd Mat Mat Sto Rec Fac Total 4619 | 42 643 1430 462 667 1375 Wait 261 | . 20 49 105 1 86 Move 3676 | 32 536 1145 290 623 1050 Hop . | . . . . . . Pick Up 69 | 4 11 33 5 . 16 Fast Attach 26 | 6 2 5 3 . 10 Attach 31 | . 4 10 1 . 16 Detach . | . . . . . . Swap 38 | . 3 12 3 2 18 Drop 64 | . 8 26 5 2 23 Fire 416 | . 59 147 50 38 122 Melee . | . . . . . . Ram 4 | . . 3 . . 1 Kick . | . . . . . . Crush 2 | . . . . 1 1 Escape Stasis 32 | . . . . . 32 Rewire . | . . . . . . Trap . | . . . . . . Miscellaneous . | . . . . . . Route ------- -11/Scrapyard -10/Materials (discovered 4 exits: *Mat x3 / [*Min]) -9/Materials (discovered 4 exits: [*Mat x2] / *Min / *Sto) -9/Storage -9/Recycling -7/Factory (discovered 2 exits: *Low x2) History --------- Turn | Location | Event 31 | -11/Scrapyard | Discovered new exit (range 16) 59 | -11/Scrapyard | Entered Materials 157 | -10/Materials | Discovered new exit (range 9) 317 | -10/Materials | Build established: Mutant 502 | -10/Materials | Discovered new exit (range 11) 788 | -10/Materials | Discovered new exit (range 16) 884 | -10/Materials | Core integrity fell below 50% 891 | -10/Materials | Discovered new exit (range 13) 909 | -10/Materials | Entered another Materials area 909 | -9/Materials | Evolved 2 slots: Utility x2 1056 | -9/Materials | Discovered new exit (range 16) 1145 | -9/Materials | Identified exit to Mines 1145 | -9/Materials | Identified exit to Storage 1804 | -9/Materials | Discovered new exit (range 16) 2021 | -9/Materials | Build established: Scavenger-Mutant 2349 | -9/Materials | Discovered new exit (range 15) 2416 | -9/Materials | Core integrity fell below 50% 2656 | -9/Materials | Build established: Mutant 2897 | -9/Materials | Entered Storage 3116 | -9/Storage | Repaired Imp. Heat Sink 3168 | -9/Storage | Repaired Adv. Beam Cannon 3196 | -9/Storage | Repaired Utility Shielding 3204 | -9/Storage | Core integrity fell below 20% 3532 | -9/Storage | Build established: Scavenger-Mutant 3584 | -9/Storage | Used back door to open Recycling access 3584 | -9/Storage | Discovered new exit (range 4) 3589 | -9/Storage | Entered Recycling 3590 | -9/Recycling | Met a Zionite searching for Scraptown 4357 | -9/Recycling | Discovered new exit (range 13) 4706 | -9/Recycling | Entered Factory 4706 | -7/Factory | Evolved 4 slots: Propulsion x1, Utility x2, Weapon x1 4828 | -7/Factory | Garrison activated, responded to threat 5045 | -7/Factory | Build established: Scavenger-Tank 5702 | -7/Factory | Discovered new exit (range 7) 6257 | -7/Factory | Identified exit to Lower Caves 6352 | -7/Factory | Cargo convoy interrupted 6408 | -7/Factory | Destroyed 7 combat bots 6425 | -7/Factory | Core integrity fell below 50% 6522 | -7/Factory | Lost 16 parts (2p4n4u6w) 6540 | -7/Factory | Core integrity fell below 20% 6557 | -7/Factory | Destroyed by H-61 Shepherd with Heavy Assault Cannon Last Messages --------------- 06519_ System corrupted: Heat flow error (+149). 06528_ Penetrated by Slug. 06528_ Wheel destroyed. 06528_ Critical hit (Blast). 06531_ Overheating: Flak Cannon damaged (-32). 06531_ G-47 Trooper destroyed. 06532_ Overheating: System interference. 06532_ Flak Cannon temporarily disabled. 06532_ Plasma Cannon temporarily disabled. 06532_ Imp. Deuterium Engine destroyed. 06534_ Overheating: System interference. 06534_ Flak Cannon temporarily disabled. 06537_ Penetrated by Slug. 06537_ Acquired Com. Wheel. 06539_ Flak Cannon destroyed. 06550_ Critical hit (Burn: +37). 06557_ Overheating: System interference. 06557_ Plasma Cannon temporarily disabled. 06557_ Penetrated by Slug. 06557_ Lgt. Deuterium Engine destroyed. Map ----- +----------------------------------------------------+ | #???# """ """ #???????????# """ """!%/! | | #???# ! """ """ #???????????# """ """%=#% | | #???# #??#######??# """ """ !# | | ##??# ""T"" #??#! ??# # | | #??# """"" #??# """" ?# ^ # | | ##########+######### """" ?# [ # | | # """" # # | | [ ! # """" ############## | | % % # """" # ! =#??# | | + """" # #??# | | # """" # ] #??#* | | ############## p # # #??# | | #????????????# ###########+###########* | | ###????????????# #########! %* | | ##?????????????# u %= ! =%=! % =! | | ##?????????????# =! **= ! | | ##?????????????# % ! !! | | ##?????????????# *% !! H% | | "#?????????????# % ######### | | #??????????????# % % #???????# | | #??????????????# u #??????## | | #??????????????# u #??????## | | =[ ##########?????# % #???????# | | %* #?????# %% % % #???????# | | %%[ #?????# #???????# | | * """ ###########@###############??????? | | """ ## ] #??# # # #?????????????? | | #### """ ## #??# # #### ###????????????? | | ???# ## #??# # #???????????????????? | | ???# """ ## #??#?# #???????????????????? | | ???# """ ## #????# #????????????????????? | | ???# """ # ????##%####?????????????????? | | ???# # ????# g #???????????????????? | | ???# """ ##+###### "" #???????????????????? | | ???# """ T #???????????????????? | | ???# """ ####### #???????????????????? | | ???# #?????# #???????????????????? | | ???# " #?????# #+#######???????????????? | | ???# T #?????# # *#???????????????? | | ???# " #?????# # """* #???????????????? | | ???# #?????# # """ #???????????????? | | ???# #?????# #! """ =#???????????????? | | ??## ###########?????# # #???????????????? | | ??# # #???????? #########???????????????? | | ??# # """ #???????? ????????????????????????? | | ??# *% + """ #???????? ????????????????????????? | | ??# =%%=# """ #???????? ????????????????????????? | | ??# !% # #???????? ????????????????????????? | | ??### ### #???????? ????????????????????????? | | ????# #?########???????? ????????????????????????? | +----------------------------------------------------+ Best States ------------- Heat Dissipation 85 Energy Generation 16 Energy Capacity 290 Matter Stores 400 Matter Capacity 400 Sight Range 16 Terrain Scan Density 85 Additional Mass Support 9 Armor Coverage 225 Utility Shielding 33 Evasion (%) 41 Recoil Reduction 2 Energy Filtering 30 Item Schematics ----------------- None Robot Schematics ------------------ None Fabricated ------------ Nothing Alien Tech Used ----------------- None Achievements -------------- Backstab More Dakka Please \\IAMDERELICT Challenges ------------ None Game ------ Seed InsulationComponentNanosword Manual? 0 Play Time 01:31:36 Cumulative 11.9 hours Start 2024.12.30 @ 02:07:47 End 2024.12.30 @ 04:36:53 Sessions 1 Manual Loads 0 Difficulty Rogue Special Mode None Game No. 12 Rogue 12 Adventurer 0 Explorer 0 Win Type - Total 0 Types 0/0/0/0/0/0/0/0/0 Lore% 10 Gallery% 13 Achievement% 17 Wizard Run 0 Options --------- Layout 1 ASCII 0 Keyboard 0 Movement Mouse Keybinds 0 Fullscreen 2 Font 24/Smallcaps Map View 50x35 Zoom Use 0% Tactical HUD 1 Map Filters NONE Filters NONE Steam 1 RUN: 87b89d5e-2d3a-46a4-bfdc-95e76a5d3eb6